 Dungeon Crawl Stone Soup version 0.20.1-1-g8b1a95d (webtiles) character file.

88 Gremour the Shooter (level 4, -2/26 HPs)
             Began as a Tengu Hunter on Nov 4, 2017.
             Slain by Schiappus's ghost (10 damage)
             ... on level 3 of the Dungeon.
             The game lasted 00:15:14 (2428 turns).

Gremour the Shooter (Tengu Hunter)                  Turns: 2428, Time: 00:15:15

Health: -2/26      AC:  4    Str: 12    XL:     4   Next: 53%
Magic:  5/5        EV: 12    Int: 11    God:
Gold:   104        SH:  0    Dex: 16    Spells: 3/3 levels left

rFire    . . .     SeeInvis .   b - +0 short sword (flame)
rCold    . . .     Gourm    .   (no shield)
rNeg     . . .     Faith    .   c - +1 leather armour
rPois    .         Spirit   .   (helmet restricted)
rElec    .         Reflect  .   (no cloak)
rCorr    .         Harm     .   (no gloves)
MR       .....                  (boots unavailable)
Stlth    ++........             (no amulet)
Regen    0.1/turn               (no ring)
MPRegen  0.1/turn               (no ring)

@: very slightly contaminated, invisible
A: beak, talons 3
a: no special abilities


You were on level 3 of the Dungeon.
You were not hungry.

You visited 1 branch of the dungeon, and saw 3 of its levels.

You collected 104 gold pieces.

Inventory:

Hand Weapons
 a - a +2 shortbow
 b - a +0 short sword of flaming (weapon)
 j - a +0 short sword
 v - a +0 blowgun
Missiles
 d - 22 arrows
 n - 24 poisoned needles
Armour
 c - a +1 leather armour (worn)
Jewellery
 i - an uncursed ring of wizardry {unknown}
Scrolls
 e - 2 scrolls of teleportation
 g - 2 scrolls of enchant armour
 h - a scroll of enchant weapon
 k - 4 scrolls of identify {unknown}
 l - 4 scrolls of remove curse
 o - a scroll of fog {unknown}
 p - a scroll of fear {unknown}
 s - a scroll of immolation {unknown}
 t - a scroll of amnesia {unknown}
Potions
 u - a potion of heal wounds {unknown}
Comestibles
 f - 2 bread rations
 m - a meat ration
 w - 4 fruits
 x - a royal jelly


   Skills:
 - Level 2.0 Fighting
 + Level 6.3 Bows
 - Level 2.1 Dodging
 - Level 1.0 Stealth


You had 3 spell levels left.
You didn't know any spells.

Dungeon Overview and Level Annotations

Branches:
Dungeon (3/15)

Altars:
Elyvilon
Nemelex Xobeh
Ru

Annotations:
D:3 Schiappus's ghost, amateur TrBe


Innate Abilities, Weirdness & Mutations

You have a beak for a mouth.
You have claws for feet.


Message History

The big kobold hits you. Schiappus's ghost hits you.
Schiappus's ghost closely misses you. The big kobold misses you.
Schiappus's ghost closely misses you.
Schiappus's ghost says, "I'll split you in two!"
You feel better. Schiappus's ghost hits you!
* * * LOW HITPOINT WARNING * * *
The big kobold closely misses you. Schiappus's ghost hits you.
* * * LOW HITPOINT WARNING * * *
You feel better. Schiappus's ghost hits you.
* * * LOW HITPOINT WARNING * * *
It was a potion of invisibility.
You fade into invisibility!
Schiappus's ghost barely misses you.
You are very lightly contaminated with residual magic.
You hit Schiappus's ghost but do no damage.
You claw Schiappus's ghost.
Schiappus's ghost is almost destroyed.
Schiappus's ghost hits you!
You die...

......#....#..............#
##........................#
##...########.....[.......#
........((..(.............#
......#(.............######
......#...............#
...........).#........#
..............##.#....##
........##.....#@#.##..#
......(..#.....W.#.###>#
.........#....K###.###.#
.........#.......#.....#
.........#.....#(#######
########.####....#
#.......##.####
#.....#.##.# #.#.###....#


You could see a big kobold and Schiappus's ghost.

Vanquished Creatures
  2 adders (D:2)
  2 oozes
  A worm (D:3)
  2 dart slugs
  A leopard gecko (D:3)
  4 orcs (D:3)
  A giant cockroach (D:3)
  5 goblins
  8 hobgoblins
  5 bats
  5 frilled lizards
  5 kobolds
  13 rats
54 creatures vanquished.

Notes
Turn   | Place    | Note
-------+----------+-------------------------------------------
     0 | D:1      | Gremour the Tengu Hunter began the quest for the Orb.
     0 | D:1      | Reached XP level 1. HP: 12/12 MP: 2/2
   240 | D:1      | Reached XP level 2. HP: 15/17 MP: 3/3
   534 | D:1      | Reached skill level 5 in Bows
   716 | D:1      | Reached XP level 3. HP: 15/21 MP: 4/4
  1176 | D:2      | Found a sacrificial altar of Ru.
  1177 | D:2      | Found a white marble altar of Elyvilon.
  1382 | D:2      | Found a sparkling altar of Nemelex Xobeh.
  1645 | D:2      | Reached XP level 4. HP: 21/26 MP: 5/5
  1882 | D:3      | Reached skill level 6 in Bows
  2227 | D:3      | Found a faded altar of an unknown god.
  2374 | D:3      | Noticed Schiappus's ghost (amateur TrBe)
  2394 | D:3      | Noticed a big kobold
  2407 | D:3      | HP: 1/26 [Schiappus's ghost (6)]
  2428 | D:3      | Slain by Schiappus's ghost

Skill      XL: |  1  2  3  4 |
---------------+-------------+-----
Bows           | 5 6 |  6.3
Fighting       | |  2.0
Dodging        | |  2.1
Stealth        | |  1.0

Action                   |  1- 3 |  4- 6 || total
-------------------------+-------+-------++-------
Melee: Short sword       |    18 |    18 ||    36
       Kick              |     4 |     6 ||    10
       Peck              |     3 |     3 ||     6
 Fire: Shortbow          |    62 |    45 ||   107
  Use: Scroll            |     4 |       ||     4
       Potion            |       |     3 ||     3
 Stab: Sleeping          |     1 |       ||     1
  Eat: Chunk             |     1 |     1 ||     2
       Royal jelly       |       |     1 ||     1
Armor: Leather armour    |     9 |    10 ||    19
Dodge: Dodged            |    22 |    24 ||    46
